 Dungeon Crawl Stone Soup version 0.29.0-11-gd7f09526c8 (webtiles) character file.

Game seed: 9524091544003750941

1110 SensoryNuts the Slasher (level 8, 0/61 HPs)
             Began as a Demonspawn Fighter on Sept 3, 2022.
             Slain by an ogre
             ... wielding a +0 giant club
              (9 damage)
             ... on level 5 of the Dungeon.
             The game lasted 00:07:55 (6392 turns).

SensoryNuts the Slasher (Demonspawn Fighter)        Turns: 6392, Time: 00:07:56

Health: 0/61       AC: 15    Str: 17    XL:     8   Next: 11%
Magic:  8/8        EV:  9    Int: 10    God:
Gold:   296        SH:  5    Dex: 14    Spells: 7/7 levels left

rFire   . . .      SeeInvis .   a - +1 long sword
rCold   . . .      Faith    .   c - +0 buckler
rNeg    . . .      Spirit   .   n - +0 plate armour
rPois   .          Reflect  .   (helmet restricted)
rElec   .          Harm     .   (no cloak)
rCorr   .          Rampage  .   (no gloves)
Will    .....                   y - +0 pair of boots
Stlth   ..........              (no amulet)
HPRegen 0.20/turn               r - +4 ring of evasion
MPRegen 0.11/turn               (no ring)

@: mighty, flying
A: molten scales 1, powered by death 1, powered by pain 1, horns 1
a: no special abilities


You were on level 5 of the Dungeon.
You visited 2 branches of the dungeon, and saw 7 of its levels.
You also visited: Sewer.

You collected 296 gold pieces.

Inventory:

Hand Weapons
 a - a +1 long sword (weapon)
Missiles
 h - 2 throwing nets (quivered)
Armour
 c - a +0 buckler (worn)
 n - a +0 plate armour (worn)
 y - a +0 pair of boots (worn)
 z - a +0 helmet
Jewellery
 r - a +4 ring of evasion (left hand)
Wands
 v - a wand of polymorph (11)
Scrolls
 e - 3 scrolls of noise
 f - a scroll of fear
 i - a scroll of fog
 p - 3 scrolls of teleportation
Potions
 b - 2 potions of curing
 d - a potion of might
 g - a potion of haste
 j - a potion of magic
 k - 2 potions of brilliance
 l - a potion of mutation
 m - a potion of invisibility {unknown}
 o - a potion of resistance {unknown}
 q - a potion of attraction {unknown}
 s - a potion of flight
 t - a potion of heal wounds {unknown}
 u - a potion of degeneration {unknown}


   Skills:
 + Level 4.3 Fighting
 * Level 6.8 Long Blades
 + Level 4.8 Armour
 + Level 0.3 Dodging
 + Level 3.7 Shields


You had 7 spell levels left.
You didn't know any spells.
Your spell library contained the following spells:

 Spells                   Type           Power      Damage    Failure   Level
 Slow                     Hex            0%         N/A       100%        1
 Ensorcelled Hibernation  Hex/Ice        0%         N/A       100%        2
 Passwall                 Tmut/Erth      0%         N/A       100%        2
 Confusing Touch          Hex            0%         N/A       100%        3
 Swiftness                Air            0%         N/A       100%        3
 Vampiric Draining        Necr           0%         2d6       100%        3


Dungeon Overview and Level Annotations

Branches:
Dungeon (6/15)             Temple (1/1) D:4           Sewer (visited)

Altars:
Ashenzari
Cheibriados
Gozag
Hepliaklqana
Kikubaaqudgha
Makhleb
Qazlal
Ru
Sif Muna
Trog
Uskayaw


Innate Abilities, Weirdness & Mutations

You are partially covered in molten scales. (AC +2)
You regenerate a little health from kills.
You sometimes gain a little power by taking damage.
You have a pair of small horns on your head.


Message History

There is a stone staircase leading up here.
HP restored.
The ogre hits you with a +0 giant club!
The gnoll sergeant hits you but does no damage.
You are poisoned.
The gnoll barely misses you. x2
You climb upwards.
You feel sick.
There is a stone staircase leading down, spattered with blood here.
Unknown command.
You feel sick. The ogre hits you with a +0 giant club!
Okay, then.
The gnoll attacks as you move away! The gnoll hits you but does no damage.
You feel sick. You block the gnoll's attack.
It was a potion of mutation.
You feel extremely strange. A pair of horns grows on your head!
Your +0 helmet falls away!
You feel sick. You block the gnoll's attack.
It was a potion of flight.
You feel very buoyant.
You fly up into the air.
You feel sick.
You are no longer poisoned.
The gnoll hits you but does no damage. The ogre hits you with a +0 giant club!
The gnoll attacks as you move away! The gnoll misses you.
The gnoll attacks as you move away! The gnoll hits you with a +0 flail.
* * * LOW HITPOINT WARNING * * *
Unknown command.
The gnoll attacks as you move away! The gnoll barely misses you.
The gnoll attacks as you move away! The gnoll completely misses you.
You hit the gnoll but do no damage. The gnoll barely misses you.
You slash the gnoll!
The gnoll is severely wounded.
The gnoll closely misses you.
You hit the gnoll.
The gnoll is severely wounded.
You block the gnoll's attack.
You slash the gnoll!
You kill the gnoll!
The ogre attacks as you move away! The ogre hits you with a +0 giant club!
* * * LOW HITPOINT WARNING * * *
You feel very mighty all of a sudden. The ogre hits you with a +0 giant club!
You die...

####g##........###
#....###......## #
#.#### ##...##.###
#.# #######.#. #.#
##.# #)# #####..
#g# #...... #O#
#.##### #@# #.#
#.# #.# #.# #.#
#.# #.# #.#
#.##### #.#
#...... #.#
####### #.#
#.###########


You could see an ogre and a gnoll.

Vanquished Creatures
  Grinder (D:4)
  A water moccasin (Sewer)
  A black bear (D:5)
  A phantom (D:5)
  A howler monkey (D:5)
  2 jellies
  3 hounds
  3 gnoll boudas
  2 iguanas (D:5)
  6 adders
  14 gnolls
  2 white imps
  An ufetubus (D:5)
  A worm (D:3)
  6 dart slugs
  5 orcs
  7 bats
  8 endoplasms
  2 giant cockroaches
  3 goblins
  3 hobgoblins (D:1)
  3 jackals
  4 quokkas
  5 ball pythons
  4 frilled lizards
  16 kobolds
  4 rats
109 creatures vanquished.

Notes
Turn   | Place    | Note
-------+----------+-------------------------------------------
     0 | D:1      | SensoryNuts the Demonspawn Fighter began the quest for the
                  | Orb.
     0 | D:1      | Reached XP level 1. HP: 18/18 MP: 1/1
   185 | D:1      | Reached skill level 2 in Long Blades
   194 | D:1      | Gained mutation: You are partially covered in molten
                  | scales. (AC +2) [demonic ancestry]
   194 | D:1      | Reached XP level 2. HP: 17/24 MP: 2/2
   574 | D:1      | Reached XP level 3. HP: 13/29 MP: 3/3
  1169 | D:2      | Reached skill level 3 in Long Blades
  1169 | D:2      | Gained mutation: You regenerate a little health from kills.
                  | [demonic ancestry]
  1169 | D:2      | Reached XP level 4. HP: 26/35 MP: 4/4
  1923 | D:3      | Found a glowing drain.
  1956 | Sewer    | Entered a sewer
  2140 | Sewer    | Noticed a water moccasin
  2160 | Sewer    | Killed a water moccasin
  2161 | Sewer    | Reached skill level 4 in Long Blades
  2161 | Sewer    | Reached XP level 5. HP: 14/42 MP: 5/5
  2630 | D:3      | Found a faded altar of an unknown god.
  2832 | D:3      | Found a shimmering blue altar of Sif Muna.
  2879 | D:3      | Reached XP level 6. HP: 47/48 MP: 6/6
  3420 | D:4      | Found a stormy altar of Qazlal.
  3583 | D:4      | Noticed Grinder
  3593 | D:4      | Killed Grinder
  3594 | D:4      | Reached skill level 5 in Long Blades
  3594 | D:4      | Gained mutation: You sometimes gain a little power by
                  | taking damage. [demonic ancestry]
  3594 | D:4      | Reached XP level 7. HP: 37/54 MP: 7/7
  3828 | D:4      | Found an ancient bone altar of Kikubaaqudgha.
  3839 | D:4      | Found a staircase to the Ecumenical Temple.
  3865 | D:4      | Reached skill level 6 in Long Blades
  4022 | Temple   | Entered the Ecumenical Temple
  4446 | D:5      | Entered Level 5 of the Dungeon
  4554 | D:5      | Identified the +0 leather armour "Olasuf" {+Inv rF- Str+7}
  6069 | D:5      | Reached XP level 8. HP: 60/60 MP: 8/8
  6375 | D:5      | Gained mutation: You have a pair of small horns on your
                  | head. [potion of mutation]
  6392 | D:5      | Slain by an ogre

Illustrated notes

Levels and vault maps discovered:
D:1:      dpeg_arrival_rhombi, layout_rooms
D:2:      layout_loops_ring, minmay_goblin_kobold_house
D:3:      layout_loops_cross, nicolae_sif_muna_little_library,
          cheibrodos_sewer_entry_drain, hellmonk_ecumenical_altar_inner_sanctum,
          hangedman_glass_teeth, st_stairs_4, minmay_increasing_density
D:4:      layout_gridville, mainiacjoe_overflow_paths, kennysheep_mini_moat,
          minmay_temple_entry_overgrown, uniq_grinder
D:5:      layout_loops_ring, abandoned_shop
D:6:      layout_basic, uniq_prince_ribbit1
Temple:   grunt_temple_mini_profane

Skill      XL: |  1  2  3  4  5  6  7 |
---------------+----------------------+-----
Long Blades    | 2 3 4 5 6 |  6.8
Armour         | 3 4 |  4.8
Shields        | 3 |  3.7
Fighting       | 4 |  4.3
Dodging        | |  0.3

Action                   |  1- 3 |  4- 6 |  7- 9 || total
-------------------------+-------+-------+-------++-------
Melee: Long sword        |   102 |   212 |   184 ||   498
  Use: Scroll            |       |     9 |     4 ||    13
       Potion            |       |       |     7 ||     7
Armor: Scale mail        |    45 |       |       ||    45
       Plate armour      |       |   200 |   123 ||   323
Dodge: Dodged            |    42 |    39 |    67 ||   148
Block: Buckler           |    30 |    58 |    64 ||   152
